 Dungeon Crawl Stone Soup version 0.26-a0-712-ga5a9c9c9d0 (webtiles) character file.

Game seed: 8283668626754996675

366 1994 the Cleaver (level 6, 0/84 HPs)
             Began as a Hill Orc Gladiator on Nov 1, 2020.
             Slain by an orc
             ... wielding a +0 trident
              (8 damage)
             ... on level 3 of the Dungeon.
             The game lasted 00:04:05 (3007 turns).

1994 the Cleaver (Hill Orc Gladiator)               Turns: 3007, Time: 00:04:06

Health: 0/84       AC:  4    Str: 19    XL:     6   Next: 68%
Magic:  6/6        EV: 12    Int:  8    God:
Gold:   152        SH:  0    Dex: 12    Spells: 5/5 levels left

rFire    . . .     SeeInvis +   a - +0 war axe
rCold    . . .     Faith    .   (no shield)
rNeg     . . .     Spirit   .   b - +0 leather armour
rPois    .         Reflect  .   c - +0 helmet
rElec    .         Harm     .   (no cloak)
rCorr    .         Rampage  .   (no gloves)
MR       .....                  (no boots)
Stlth    ..........             (no amulet)
HPRegen  0.24/turn              v - ring of stealth
MPRegen  0.10/turn              q - ring of see invisible

@: berserking, lethally poisoned (0 -> -7), stab, very quick
A: no striking features
a: no special abilities


You were on level 3 of the Dungeon.
You visited 1 branch of the dungeon, and saw 3 of its levels.

You collected 152 gold pieces.

Inventory:

Hand Weapons
 a - a +0 war axe (weapon)
 j - a +0 hunting sling
Missiles
 e - 105 stones
 k - 16 poisoned darts
 m - 2 throwing nets (quivered)
 p - 54 sling bullets
Armour
 b - a +0 leather armour (worn)
 c - a +0 helmet (worn)
Jewellery
 f - an uncursed ring of flight
 q - a ring of see invisible (right hand)
 v - a ring of stealth (left hand)
Wands
 d - a wand of digging (2)
Scrolls
 i - 2 scrolls of remove curse
 o - a scroll of blinking
 r - a scroll of enchant armour {unknown}
 t - a scroll of enchant weapon {unknown}
 u - a scroll of immolation {unknown}
Potions
 g - 2 potions of brilliance
 h - a potion of haste
 l - 2 potions of lignification


   Skills:
 + Level 5.1 Fighting
 * Level 8.2 Axes
 - Level 1.7 Throwing
 - Level 2.4 Dodging


You had 5 spell levels left.
You didn't know any spells.
Your spell library was empty.

Dungeon Overview and Level Annotations

Branches:
Dungeon (3/15)

Altars:
Elyvilon
The Shining One


Message History

You feel ready to backstab.
* * * LOW HITPOINT WARNING * * *
You feel sick.
The orc hits you from afar with a +0 trident.
* * * LOW HITPOINT WARNING * * *
The orc wizard closely misses you.
It was a potion of berserk rage.
A red film seems to cover your vision as you go berserk!
You feel yourself moving faster!
You feel mighty!
* * * LOW HITPOINT WARNING * * *
You feel sick. The orc wizard misses you. The orc barely misses you.
The orc wizard barely misses you.
Unknown command.
Unknown command.
You slash the orc wizard!
You kill the orc wizard!
* * * LOW HITPOINT WARNING * * *
You feel sick.
The orc hits you from afar with a +0 trident!
You die...

#<# #.#)#.# #.#
#.#.#.# #.#
#.#.#.#
#.######.#.#.#
#........#.#.#
##########.#.#
..#.#
######.##########
..........@)oo....
#######.##########
#.. ###


You could see 2 orcs.

Vanquished Creatures
  Sigmund (D:2)
  2 orc priests (D:3)
  An orc wizard (D:3)
  Robin (D:2)
  2 adders
  A dart slug (D:1)
  4 leopard geckos
  5 orcs (D:3)
  4 giant cockroaches
  23 goblins
  11 hobgoblins
  3 jackals (D:1)
  10 bats
  5 frilled lizards
  6 kobolds
  11 rats
90 creatures vanquished.

Notes
Turn   | Place    | Note
-------+----------+-------------------------------------------
     0 | D:1      | 1994 the Hill Orc Gladiator began the quest for the Orb.
     0 | D:1      | Reached XP level 1. HP: 18/18 MP: 1/1
   373 | D:1      | Reached XP level 2. HP: 23/25 MP: 2/2
   441 | D:1      | Reached skill level 5 in Axes
   572 | D:1      | Reached XP level 3. HP: 30/31 MP: 3/3
   828 | D:2      | Noticed Robin
  1119 | D:2      | Killed Robin
  1119 | D:2      | Reached XP level 4. HP: 28/38 MP: 4/4
  1228 | D:2      | Found a white marble altar of Elyvilon.
  1296 | D:2      | Noticed Sigmund
  1310 | D:2      | Killed Sigmund
  1310 | D:2      | Reached skill level 7 in Axes
  1310 | D:2      | Reached XP level 5. HP: 23/47 MP: 5/5
  1542 | D:2      | Reached XP level 6. HP: 43/53 MP: 6/6
  2082 | D:2      | Found a glowing golden altar of the Shining One.
  2159 | D:2      | Found a white marble altar of Elyvilon.
  2540 | D:3      | Reached skill level 8 in Axes
  2555 | D:3      | Reached skill level 5 in Fighting
  3007 | D:3      | Slain by an orc

Illustrated notes

Levels and vault maps discovered:
D:1:      minmay_arrival_shattered_statue, layout_basic
D:2:      minmay_chambers_of_ones, layout_basic, old_standard_altar,
          lemuel_round_altar, elyvilon_altar_4, uniq_sigmund, uniq_robin
D:3:      layout_basic

Skill      XL: |  1  2  3  4  5  6 |
---------------+-------------------+-----
Fighting       | 3 4 5 |  5.1
Axes           | 5 7 8 |  8.2
Throwing       | |  1.7
Dodging        | |  2.4

Action                   |  1- 3 |  4- 6 || total
-------------------------+-------+-------++-------
Melee: War axe           |   131 |   128 ||   259
Throw: Throwing net      |       |     3 ||     3
  Use: Scroll            |       |     4 ||     4
       Potion            |       |     2 ||     2
 Stab: Held in net/web   |       |     1 ||     1
Armor: Leather armour    |    29 |    29 ||    58
Dodge: Dodged            |    94 |    87 ||   181

Table legend: (Time is in decaauts)
 A = Elapsed time spent in this place.
 B = Non-inter-level travel time spent in this place.
 C = Inter-level travel time spent in this place.
 D = Time resting spent in this place.
 E = Time spent auto-exploring this place.
 F = Levels seen in this place.
 G = Mean time per level.
                   A        B        C        D        E       F      G
               +--------+--------+--------+--------+--------+-----+--------+
         Total |   3056 |   3043 |     13 |   1123 |   1287 |   3 | 1018.7 |
       Dungeon |   3056 |   3043 |     13 |   1123 |   1287 |   3 | 1018.7 |
               +--------+--------+--------+--------+--------+-----+--------+

Top non-repeatable levels by time:
     D:2: 1296 daAuts
     D:1: 1094 daAuts
     D:3: 665 daAuts
